AoeStats
← Yock

Arabia

506815173Analyzed
1v1 RM · 18d ago on Sep 15, 2026· 45m 49s· 2 players
Game mode
Random Map
Map size
Tiny (2 player)
Population
200
Speed
Normal
Resources
Standard
Victory
Conquest
Starting age
Dark Age
Ending age
Imperial Age
RankedLock teamsTeams togetherTeam positionsShared explorationLock speedFull tech treeHidden civsTurbo modeCheats
Victory
Defeat
🇨🇳 Spanish · China
556
+15
🇦🇺 Persians · Australia
535
-15
Yock
2:55 Loom
11:12 Feudal Age
14:45 Double-Bit Axe
14:43 Horse Collar
24:46 Castle Age
22:59 Scale Mail Armor
23:07 Scale Barding Armor
24:26 Bloodlines
24:41 Forging
26:21 Crossbowman
27:18 Pikeman
28:40 Bow Saw
28:35 Heavy Plow
32:14 Chain Barding Armor
31:46 Fletching
31:56 Padded Archer Armor
33:43 Thumb Ring
37:07 Wheelbarrow
36:18 Town Watch
40:24 Imperial Age
37:42 Town Watch
40:28 Husbandry
40:44 Cavalier
42:56 Kamandaran
44:14 Hand Cart
44:00 Town Patrol
44:42 Savar
4****6485
7:24 Loom
11:32 Feudal Age
13:26 Wheelbarrow
12:43 Double-Bit Axe
15:37 Horse Collar
16:18 Bloodlines
17:36 Man-at-Arms
25:22 Castle Age
24:52 Forging
25:09 Scale Mail Armor
27:24 Bow Saw
26:41 Long Swordsman
27:24 Squires
27:36 Fletching
27:48 Gold Mining
28:03 Heavy Plow
28:31 Hand Cart
29:51 Ballistics
31:44 Husbandry
32:00 Stone Mining
32:33 Bodkin Arrow
32:39 Padded Archer Armor
35:36 Leather Archer Armor
35:59 Iron Casting
35:40 Chain Mail Armor
35:34 Scale Barding Armor
37:18 Light Cavalry
42:02 Imperial Age
42:07 Chain Barding Armor
43:52 Two-Man Saw
43:57 Chemistry
43:48 Two-Handed Swordsman
Connection lost

Rejoining the realm…

Still unreachable

The connection could not be restored.

Session expired

The server has moved on; the page needs a fresh start.